 Dungeon Crawl Stone Soup version 0.31.0-32-g396128a36d (webtiles) character file.

Game seed: 1164713592593621549

10 growler the Sneak (level 2, 23/24 HPs)
             Began as a Human Delver on Mar 13, 2024.
             Quit the game on level 4 of the Dungeon.
             The game lasted 00:02:01 (98 turns).

growler the Sneak (Human Delver)                      Turns: 98, Time: 00:02:01

Health: 23/24      AC:  3    Str: 12    XL:     2   Next: 20%
Magic:  2/2        EV: 12    Int: 10    God:
Gold:   0          SH:  0    Dex: 14    Spells: 1/1 levels left

rFire   . . .        a - +0 falchion
rCold   . . .        (no shield)
rNeg    . . .        b - +0 leather armour
rPois   .            (no helmet)
rElec   .            (no cloak)
rCorr   .            (no gloves)
SInv    .            (no boots)
Will    .....        (no amulet)
Stlth   +++          (no ring)
HPRegen 0.24/turn    (no ring)
MPRegen 0.08/turn

%: no passive effects
@: no status effects
A: explore regen
a: no special abilities


You were on level 4 of the Dungeon.
You visited 1 branch of the dungeon, and saw 2 of its levels.

Inventory:

Hand Weapons
 a - a +0 falchion (weapon)
Armour
 b - a +0 leather armour (worn)
Wands
 g - a wand of digging (3)
Scrolls
 c - a scroll of fog
 e - a scroll of fear
Potions
 f - a potion of haste


   Skills:
 + Level 3.1 Fighting
 + Level 2.2 Long Blades
 + Level 2.2 Dodging
 + Level 5.1 Stealth


You had one spell level left.
You didn't know any spells.
Your spell library was empty.

Dungeon Overview and Level Annotations

Branches:
Dungeon (5/15)
 Temple: D:4-7

Altars:
Dithmenos
Xom


Innate Abilities, Weirdness & Mutations

You regain HP and MP as you explore.


Message History

You see here a scroll of fear.
The gnoll shouts!
The gnoll attacks as it pursues you! The gnoll hits you with a +0 flail.
The gnoll is no longer moving quickly.
The gnoll attacks as it pursues you! The gnoll barely misses you.
The gnoll attacks as it pursues you! The gnoll hits you with a +0 flail.
Found an escape hatch in the ceiling.
The gnoll attacks as it pursues you! The gnoll closely misses you.
The gnoll attacks as it pursues you! The gnoll barely misses you.
There is an escape hatch in the ceiling here.
You hit the gnoll.
The gnoll is moderately wounded.
The gnoll hits you with a +0 flail. The gnoll barely misses you.
You hit the gnoll.
The gnoll is heavily wounded.
The gnoll barely misses you.
You hit the gnoll but do no damage.
The gnoll is heavily wounded.
The gnoll completely misses you.
You hit the gnoll.
The gnoll is severely wounded.
The gnoll hits you with a +0 flail!
You closely miss the gnoll.
The gnoll is severely wounded.
The gnoll barely misses you.
You hit the gnoll.
You kill the gnoll!
You have reached level 2!
Found a scroll labelled SIZU TATACH.
An endoplasm comes into view.
The endoplasm quivers.
The endoplasm moves out of view.
Found a scroll of fear.
Found a shadowy altar of Dithmenos.
A hobgoblin comes into view.
Found 7 stones.
An endoplasm is nearby!
Welcome back, growler the Human Delver.
Press ? for a list of commands and other information.
There is an escape hatch in the ceiling here.
Are you sure you want to abandon this character and quit the game? (Confirm with "yes".)

.#. #### .? ..# .# #. #. #.#
...# #.####.###.#### ...###
##.........@)..# ......
#.....##.##.##.#######....##
#.....#......#.##...........
##............#..............
#......#.J....#..#...........
#....#.##.##..####.#......
##............# #.#...#.#
#..##......#.# #.#...#.#
#..###........# #.#...#..


You could see an endoplasm.

Vanquished Creatures
  A gnoll (D:4)
1 creature vanquished.

Notes
Turn   | Place    | Note
-------+----------+-------------------------------------------
     0 | D:5      | growler the Human Delver began the quest for the Orb.
     0 | D:5      | Reached XP level 1. HP: 18/18 MP: 1/1
     7 | D:4      | Found a shimmering altar of Xom.
    17 | D:4      | Noticed a phantom
    49 | D:4      | Noticed a gnoll bouda
    53 | D:4      | Noticed an iguana
    82 | D:4      | Reached XP level 2. HP: 10/24 MP: 2/2
    88 | D:4      | Found a shadowy altar of Dithmenos.
    98 | D:4      | Quit the game

Illustrated notes

Levels and vault maps discovered:
D:4:      layout_loops_cross, xom_teletrap_fun, nicolae_dithmenos_shadow_blocks
D:5:      layout_loops_cross, lemuel_crystal_altar, hex_medium,
          hangedman_decor_push

Action                     || total
---------------------------++-------
  Melee: Falchion          ||     6
    Use: Scroll            ||     2
 Armour: Leather armour    ||     6
  Dodge: Dodged            ||    11
